Map: Kairos Junction LE

Players

dark - Winner!

  • Race: Zerg Zerg
  • Spawn Location: 5:00

Solar

  • Race: Zerg Zerg
  • Spawn Location: 11:00

Event: IEM Season 13: Katowice (2019)

VOD

Have the link to the VOD?

Description

Time

  • Played on: March 2, 2019, 1:58 p.m.
  • Length: 10:11

All games in this series

Show
View Real Time Build Order
Export as new Build Order

dark Zerg - Winner!

Build Orders: Pool First 

Get SALT Encoding   

  12  0:17  Spawning Pool  
  11  0:21  Drone  
  11  0:27  Drone  
  13  0:31  Drone  
  14  0:41  Overlord  
  14  1:04  Zergling x4  
  14  1:05  Zergling x2  
  17  1:16  Hatchery  
  17  1:17  Zergling x2  
  17  1:26  Zergling x2  
  17  1:32  Queen  
  18  1:39  Zergling x2  
  21  1:48  Overlord  
  21  1:58  Drone  
  22  2:08  Queen  
  25  2:15  Drone  
  26  2:22  Drone  
  26  2:28  Queen  
  28  2:30  Drone  
  27  2:39  Drone x2  
  27  2:43  Queen  
  30  2:44  Drone  
  31  2:52  Drone x2  
  31  2:57  Overlord  
  33  2:59  Drone  
  34  3:13  Drone  
  34  3:15  Overlord  
  34  3:16  Drone x2  
  37  3:23  Drone x3  
  37  3:25  Drone x2  
  42  3:30  Extractor, Drone  
  42  3:31  Extractor  
  42  3:32  Drone  
  42  3:36  Drone x2  
  44  3:43  Drone  
  44  3:48  Drone, Roach Warren  
  45  3:50  Drone  
  45  3:52  Drone  
  45  3:54  Drone  
  48  4:00  Evolution Chamber  
  48  4:02  Drone x3  
  50  4:10  Overlord x2  
  50  4:13  Metabolic Boost  
  54  4:31  Roach x4  
  54  4:35  Zergling x10  
  54  4:36  Roach  
  65  4:47  Roach  
  65  4:48  Overlord  
  65  4:52  Overlord  
  67  5:01  Overlord  
  67  5:12  Drone x3  
  67  5:13  Zergling x4  
  67  5:14  Hatchery  
  71  5:17  Zergling x2  
  71  5:20  Zergling x6  
  74  5:29  Zergling x6  
  74  5:30  Zerg Ground Armor Level 1  
  74  5:33  Zergling x4  
  79  5:39  Zergling x2  
  79  5:40  Hatchery  
  79  5:43  Zergling x2  
  80  5:54  Zergling x4  
  82  5:57  Extractor  
  82  6:01  Zergling x4  
  81  6:07  Zergling x12  
  85  6:15  Roach  
  82  6:19  Roach  
  75  6:27  Roach x2  
  75  6:31  Roach  
  77  6:37  Roach x4  
  77  6:38  Roach x3  
  83  6:42  Roach, Ravager  
  84  6:47  Overlord  
  84  6:50  Ravager  
  84  6:51  Zergling x2  
  86  6:57  Zergling x4  
  86  7:01  Ravager x2  
  90  7:03  Zergling x2  
  90  7:04  Zergling x6  
  90  7:06  Zergling x6  
  90  7:07  Zergling x4  
  99  7:09  Ravager  
  99  7:10  Zergling x2  
  99  7:11  Zergling x6  
  104  7:16  Zergling x4  
  104  7:22  Ravager  
  107  7:24  Zergling x8  
  107  7:28  Zergling x2  
  112  7:30  Zerg Missile Weapons Level 1  
  112  7:32  Overlord  
  112  7:46  Overlord  
  112  7:50  Overlord  
  112  7:51  Zergling x4  
  112  7:53  Zergling x2  
  112  7:54  Zergling x6  
  100  8:06  Zergling x20  
  100  8:07  Zergling x4  
  100  8:11  Zergling x6  
  110  8:13  Queen  
  110  8:17  Zergling x4  
  102  8:21  Zergling x2  
  102  8:22  Zergling x6  
  98  8:30  Queen x2  
  98  8:32  Zergling x2  
  93  8:35  Zergling x4  
  93  8:36  Zergling x2  
  93  8:38  Zergling x2  
  93  8:39  Zergling x2  
  90  8:46  Zergling x2  
  80  8:52  Roach x4  
  80  8:53  Roach  
  86  8:58  Roach  
  86  9:02  Drone x3  
  86  9:04  Drone x2  
  82  9:11  Roach x2  
  80  9:17  Roach x3  
  80  9:19  Roach  
  80  9:22  Spore Crawler  
  82  9:25  Spore Crawler  
  82  9:26  Ravager x3  
  82  9:27  Ravager x2  
  82  9:30  Roach  
  88  9:33  Ravager  
  88  9:34  Zergling x4  
  88  9:35  Zergling x2  
  88  9:38  Roach  
  94  9:40  Roach  
  94  9:43  Zergling x4  
  99  9:45  Zergling x4  
  99  9:48  Roach  
Show
View Real Time Build Order
Export as new Build Order

Solar Zerg 

Build Orders: Hatch First 

Get SALT Encoding   

  12  0:01  Drone  
  13  0:13  Overlord  
  13  0:18  Drone  
  14  0:31  Drone x2  
  16  0:48  Hatchery  
  15  0:51  Drone  
  15  0:55  Drone  
  17  0:58  Drone  
  18  1:09  Extractor  
  17  1:14  Spawning Pool  
  17  1:17  Drone  
  17  1:20  Drone  
  18  1:28  Drone  
  19  2:00  Zergling x6  
  19  2:01  Zergling x2  
  23  2:02  Queen x2  
  27  2:11  Zergling x2  
  27  2:14  Zergling x2  
  27  2:29  Overlord  
  27  2:37  Drone  
  27  2:43  Drone x2  
  28  2:51  Overlord  
  28  2:57  Overlord  
  28  3:09  Drone x2  
  28  3:11  Drone  
  28  3:12  Drone x2  
  31  3:14  Drone  
  31  3:16  Drone  
  33  3:24  Drone  
  33  3:25  Drone x2  
  33  3:26  Drone  
  35  3:30  Zergling x2  
  36  3:35  Drone  
  36  3:36  Drone  
  38  3:43  Lair  
  38  3:47  Evolution Chamber  
  38  3:48  Drone x2  
  39  3:50  Drone  
  39  3:54  Zergling x2  
  41  3:56  Drone  
  41  4:00  Overlord  
  42  4:05  Roach Warren  
  42  4:06  Drone  
  42  4:10  Drone  
  42  4:11  Extractor  
  42  4:12  Extractor  
  41  4:17  Drone  
  41  4:18  Drone  
  41  4:20  Drone x2  
  41  4:22  Drone  
  46  4:24  Drone  
  46  4:26  Drone  
  46  4:29  Overlord  
  48  4:40  Overlord  
  48  4:45  Overseer  
  48  4:48  Glial Reconstitution  
  48  4:49  Hatchery  
  48  4:51  Roach  
  49  4:53  Roach  
  49  4:57  Drone  
  49  4:59  Overlord  
  51  5:00  Roach  
  51  5:03  Roach  
  51  5:04  Overseer  
  55  5:08  Overlord  
  55  5:10  Roach  
  55  5:14  Roach  
  59  5:18  Roach x2  
  59  5:21  Roach  
  65  5:23  Roach  
  65  5:25  Overlord  
  65  5:28  Roach  
  67  5:31  Roach  
  67  5:33  Roach  
  73  5:35  Roach  
  73  5:38  Roach  
  73  5:42  Overlord  
  75  5:43  Drone  
  75  5:44  Roach  
  78  5:51  Overlord  
  78  6:00  Roach x2  
  82  6:07  Evolution Chamber, Drone  
  82  6:15  Drone  
  82  6:16  Hatchery  
  82  6:17  Drone  
  83  6:19  Ravager  
  83  6:20  Drone  
  83  6:22  Drone  
  83  6:23  Drone  
  83  6:25  Ravager  
  78  6:28  Drone  
  78  6:30  Queen  
  78  6:31  Spire  
  78  6:32  Roach  
  80  6:34  Zerg Missile Weapons Level 1  
  80  6:38  Roach  
  80  6:39  Extractor  
  77  6:45  Overlord  
  77  6:49  Overlord  
  77  6:53  Overlord  
  77  6:58  Roach, Overlord  
  77  6:59  Roach x4  
  87  7:02  Overlord  
  87  7:05  Overlord  
  87  7:13  Roach  
  89  7:16  Overlord  
  89  7:25  Roach  
  89  7:26  Spine Crawler  
  90  7:39  Roach x2  
  90  7:43  Mutalisk x5  
  104  7:46  Mutalisk  
  104  7:49  Roach  
  108  7:52  Roach  
  108  7:54  Roach  
  112  8:01  Roach x3  
  112  8:04  Roach  
  98  8:08  Roach x2  
  94  8:12  Roach  
  94  8:13  Roach  
  94  8:14  Queen  
  94  8:16  Queen  
  94  8:19  Roach  
  88  8:23  Roach  
  88  8:25  Roach  
  90  8:30  Roach  
  90  8:34  Roach  
  79  8:41  Roach  
  71  8:49  Roach  
  66  8:59  Roach x2  
  60  9:15  Roach  
  60  9:16  Roach  
  56  9:17  Roach  
  57  9:26  Drone x3  
  57  9:29  Drone  
  57  9:31  Drone  
  62  9:32  Drone  
  62  9:34  Drone  
  64  9:44  Roach  
  68  9:46  Roach  
  68  9:48  Roach  
  68  9:51  Roach  

Tags
 
Add a new tag
Caveats
  • Supply blocks, unpowered buildings, or Contaminate may cause inaccurate times.
  • Supply counts are checked every 10 seconds.